AoeStats
← faysaladn

Four Lakes

510176613Analyzed
1v1 RM · 2d ago on Sep 29, 2026· 25m 30s· 2 players
Game mode
Random Map
Map size
Tiny (2 player)
Population
200
Speed
Normal
Resources
Standard
Victory
Conquest
Starting age
Dark Age
Ending age
Imperial Age
RankedLock teamsTeams togetherTeam positionsShared explorationLock speedFull tech treeHidden civsTurbo modeCheats
Victory
Defeat
🇹🇷 Goths · Türkiye
926
+16
🇨🇦 Franks · Canada
931
-16
faysaladn
0:32 Loom
10:25 Feudal Age
10:48 Man-at-Arms
13:40 Double-Bit Axe
14:00 Scale Mail Armor
17:46 Gold Mining
19:15 Horse Collar
Simon Majumdar
1:24 Loom
12:03 Feudal Age
18:04 Wheelbarrow
22:34 Castle Age
23:24 Scale Barding Armor
23:31 Forging
Connection lost

Rejoining the realm…

Still unreachable

The connection could not be restored.

Session expired

The server has moved on; the page needs a fresh start.